 Dungeon Crawl Stone Soup version 0.30-a0-718-geaa24f58ff (webtiles) character file.

Game seed: 5188383205426196371

47 ASSMAN the Firebug (level 3, -3/23 HPs)
             Began as an Octopode Fire Elementalist on Jan 25, 2023.
             Slain by Terence
             ... wielding a +0 hand axe
              (7 damage)
             ... on level 2 of the Dungeon.
             The game lasted 00:03:37 (1287 turns).

ASSMAN the Firebug (Octopode Fire Elementalist)     Turns: 1287, Time: 00:03:38

Health: -3/23      AC:  1    Str:  7    XL:     3   Next: 70%
Magic:  1/6        EV: 13    Int: 19    God:
Gold:   110        SH:  0    Dex: 12    Spells: 4/7 levels left

rFire   . . .      SeeInvis .    (no weapon)
rCold   . . .      Faith    .    (no shield)
rNeg    . . .      Spirit   .    (helmet restricted)
rPois   +          Reflect  .    (no amulet)
rElec   .          Harm     .    (no ring)
rCorr   .          Rampage  .    (no ring)
Will    .....                    (no ring)
Stlth   +++                      (no ring)
HPRegen 0.23/turn                (no ring)
MPRegen 0.10/turn                (no ring)
                                 (no ring)
                                 (no ring)

@: flying
A: almost no armour, amphibious, 8 rings, camouflage 1, gelatinous body 1,
(nimble swimmer 1), tentacles, antennae 1, poison resistance, robust 1, subdued
magic 1
a: no special abilities


You were on level 2 of the Dungeon.
You visited 1 branch of the dungeon, and saw 2 of its levels.

You collected 110 gold pieces.

Inventory:

Scrolls
 b - 2 scrolls of teleportation {unknown}
 c - 4 scrolls of identify {unknown}
Potions
 a - a potion of magic
 e - a potion of mutation


   Skills:
 - Level 2.0 Dodging
 - Level 2.6 Stealth
 + Level 2.6 Spellcasting
 + Level 2.1 Conjurations
 + Level 3.5 Fire Magic


You had 4 spell levels left.
You knew the following spells:

 Your Spells              Type           Power      Damage    Failure   Level
a - Foxfire               Conj/Fire      40%        2x1d6     3%          1
b - Scorch                Fire           24%        2d6       4%          2

Your spell library contained the following spells:

 Spells                   Type           Power      Damage    Failure   Level
 Inner Flame              Hex/Fire       7%         N/A       19%         3
 Kindle Blastsparks       Fire/Tloc/Air  10%        2d10      24%         3
 Flame Wave               Conj/Fire      10%        2d6       38%         4


Dungeon Overview and Level Annotations

Branches:
Dungeon (2/15)

Altars:
Trog

Annotations:
D:2 Terence


Innate Abilities, Weirdness & Mutations

You cannot wear most types of armour.
You are amphibious.
You can wear up to eight rings at the same time.
Your skin changes colour to match your surroundings (Stealth+).
Your rubbery body absorbs attacks. (AC +1, EV +1)
((You are camouflaged when in or above water. (Stealth+)))
You have tentacles for arms and can constrict up to eight enemies at once.
You have a pair of small antennae on your head.
Your system is resistant to poisons. (rPois)
You are robust. (+10% HP)
Your spells are a little easier to cast, but a little less powerful.


Message History

You feel robust. A pair of antennae grows on your head!
It was a potion of heal wounds.
You feel much better. Terence looks scornfully at you. Terence misses you.
It was a potion of flight.
You feel very buoyant.
You fly up into the air.
Terence barely misses you.
You tentacle-slap Terence but do no damage.
Your grab misses Terence.
Terence is lightly wounded.
Terence misses you.
You tentacle-slap Terence but do no damage.
Your grab misses Terence.
Terence is lightly wounded.
Terence hits you with a +0 hand axe!
You closely miss Terence. Your grab misses Terence. You squeeze Terence.
Terence is lightly wounded.
Terence closely misses you.
You closely miss Terence. Your grab misses Terence.
Your squeeze misses Terence.
Terence is lightly wounded.
Terence shouts, "Get ready for death!"
Terence closely misses you.
You barely miss Terence. Your grab misses Terence.
Terence is lightly wounded.
Terence hits you with a +0 hand axe.
Casting: Scorch (safe; 4% risk of failure)
Confirm with . or Enter, or press ? or * to list all spells.
You conjure some foxfire!
Terence hits you with a +0 hand axe!
* * * LOW HITPOINT WARNING * * *
Terence hits your foxfire with a +0 hand axe.
Terence misses your foxfire.
You closely miss Terence. Your grab misses Terence.
Terence is lightly wounded.
The foxfire hits Terence but does no damage.
Terence is lightly wounded.
The foxfire hits Terence but does no damage.
Terence is lightly wounded.
Terence hits you with a +0 hand axe!
You die...

#.# #.# #.#
#.# #.# #.#
#.# ##
##########@##
.#
#.........@.#
.#
#.########..#
.# #.# ...#
.# #.# #..##
.# #.# #..#
#######.#####
#.)#
...........>#
#..#
#######.###.#
...#


You could see Terence.

Vanquished Creatures
  2 adders (D:2)
  5 endoplasms
  3 giant cockroaches
  3 goblins
  3 hobgoblins
  2 quokkas (D:1)
  A ball python (D:2)
  2 bats (D:2)
  3 kobolds
  A rat (D:2)
25 creatures vanquished.

Vanquished Creatures (others)
  61 foxfires
61 creatures vanquished.

Grand Total: 86 creatures vanquished

Notes
Turn   | Place    | Note
-------+----------+-------------------------------------------
     0 | D:1      | ASSMAN the Octopode Fire Elementalist began the quest for
                  | the Orb.
     0 | D:1      | Reached XP level 1. HP: 11/11 MP: 3/3
   169 | D:1      | Reached XP level 2. HP: 14/17 MP: 0/5
   238 | D:1      | Found a faded altar of an unknown god.
   566 | D:1      | You fall into a shaft and drop 1 floor!
   566 | D:2      | Found a bloodstained altar of Trog.
   760 | D:2      | Learned a level 2 spell: Scorch
   855 | D:2      | Reached XP level 3. HP: 21/21 MP: 1/6
  1271 | D:2      | Noticed Terence
  1278 | D:2      | Gained mutation: Your system is resistant to poisons.
                  | (rPois) [potion of mutation]
  1278 | D:2      | Gained mutation: Your spells are a little easier to cast,
                  | but a little less powerful. [potion of mutation]
  1278 | D:2      | Gained mutation: You are robust. (+10% HP) [potion of
                  | mutation]
  1278 | D:2      | Gained mutation: You have a pair of small antennae on your
                  | head. [potion of mutation]
  1287 | D:2      | Slain by Terence

Illustrated notes

Levels and vault maps discovered:
D:1:      lightli_arrival_quake, layout_basic, basic_ecumenical_altar
D:2:      layout_basic, basic_altar, uniq_terence

Skill      XL: |  1  2  3 |
---------------+----------+-----
Conjurations   | 2 |  2.1
Dodging        | |  2.0
Stealth        | |  2.6
Spellcasting   | |  2.6
Fire Magic     | |  3.5

Action                     || total
---------------------------++-------
  Melee: Unarmed           ||    10
         Tentacles         ||     3
         Constrict         ||     1
   Cast: Foxfire           ||    36
         Scorch            ||     5
    Use: Potion            ||     3
  Dodge: Dodged            ||     7

Table legend: (Time is in decaauts)
 A = Elapsed time spent in this place.
 B = Non-inter-level travel time spent in this place.
 C = Inter-level travel time spent in this place.
 D = Time resting spent in this place.
 E = Time spent auto-exploring this place.
 F = Levels seen in this place.
 G = Mean time per level.
                   A        B        C        D        E       F      G
               +--------+--------+--------+--------+--------+-----+--------+
         Total |   1286 |   1286 |      0 |     56 |   1043 |   2 |  643.0 |
       Dungeon |   1286 |   1286 |      0 |     56 |   1043 |   2 |  643.0 |
               +--------+--------+--------+--------+--------+-----+--------+

Top non-repeatable levels by time:
     D:2: 720 daAuts
     D:1: 566 daAuts
